 Dungeon Crawl Stone Soup version 0.28-a0-919-g0b5b508569 (webtiles) character file.

Game seed: 4657541358766131407

163 siradein the Charlatan (level 5, 0/39 HPs)
             Began as a Demonspawn Artificer on Nov 25, 2021.
             Succumbed to a gnoll's poison
             ... on level 3 of the Dungeon.
             The game lasted 00:05:51 (3043 turns).

siradein the Charlatan (Demonspawn Artificer)       Turns: 3043, Time: 00:05:51

Health: 0/39       AC:  6    Str: 13    XL:     5   Next: 20%
Magic:  5/5        EV: 11    Int: 12    God:
Gold:   97         SH:  0    Dex: 14    Spells: 4/4 levels left

rFire   . . .      SeeInvis .   h - +4 dagger
rCold   . . .      Faith    .   (no shield)
rNeg    . . .      Spirit   .   m - +0 ring mail
rPois   .          Reflect  .   (no helmet)
rElec   .          Harm     .   q - +0 cloak
rCorr   .          Rampage  .   (no gloves)
Will    .....                   (no boots)
Stlth   +.........              (no amulet)
HPRegen 0.13/turn               (no ring)
MPRegen 0.09/turn               (no ring)

@: lethally poisoned (0 -> -5)
A: claws 1, hooves 2, demonic magic 1
a: no special abilities


You were on level 3 of the Dungeon.
You visited 1 branch of the dungeon, and saw 3 of its levels.

You collected 97 gold pieces.

Inventory:

Hand Weapons
 h - a +4 dagger (weapon)
 u - a +0 flail
 v - a +0 short sword
Missiles
 j - 13 poisoned darts (quivered)
Armour
 m - a +0 ring mail (worn)
 q - a +0 cloak (worn)
Wands
 c - a wand of flame (15)
 d - a wand of charming (15)
Scrolls
 a - 3 scrolls of identify {unknown}
 f - a scroll of enchant armour {unknown}
 i - 3 scrolls of teleportation {unknown}
 k - 3 scrolls of blinking {unknown}
 r - a scroll of noise {unknown}
 s - a scroll of acquirement {unknown}
 t - a scroll of vulnerability {unknown}
Potions
 b - a potion of brilliance {unknown}
 g - a potion of heal wounds {unknown}
 l - 2 potions of flight {unknown}
 n - 2 potions of might {unknown}
 o - 2 potions of curing {unknown}
 p - a potion of lignification {unknown}
Miscellaneous
 e - a piece from Xom's chessboard (15/15)


   Skills:
 + Level 2.5 Fighting
 + Level 0.0 Maces & Flails
 + Level 2.8 Armour
 + Level 2.3 Dodging
 - Level 0.8 Stealth
 + Level 3.9 Evocations


You had 4 spell levels left.
You didn't know any spells.
Your spell library was empty.

Dungeon Overview and Level Annotations

Branches:
Dungeon (3/15)

Altars:
Wu Jian


Innate Abilities, Weirdness & Mutations

You have sharp fingernails.
You have hoof-like feet.
Spells you cast may paralyse adjacent enemies.


Message History

The gnoll is lightly wounded.
You feel very sick. The gnoll misses you. The gnoll closely misses you.
The gnoll hits you from afar with a +0 spear.
You hit the gnoll.
The gnoll is moderately wounded.
You feel sick. The gnoll hits you with a +0 spear. The gnoll barely misses you.
You barely miss the gnoll. Your kick misses the gnoll.
The gnoll is moderately wounded.
You feel sick. The gnoll barely misses you.
The gnoll hits you from afar with a +0 spear.
The gnoll hits you but does no damage.
You are too injured to fight recklessly!
You are too injured to fight recklessly!
You are too injured to fight recklessly!
You are too injured to fight recklessly!
h - a +4 dagger (weapon)
You feel sick. The gnoll hits you but does no damage.
v - a +0 short sword You feel sick.
The gnoll misses you.
The gnoll hits you from afar with a +0 spear.
Press: ? - help, v - describe, . - travel The floor.
You hit the gnoll. You kick the gnoll.
The gnoll is heavily wounded.
You feel sick. The gnoll hits you with a +0 spear.
* * * LOW HITPOINT WARNING * * *
The gnoll hits you from afar with a +0 spear.
* * * LOW HITPOINT WARNING * * *
Press: ? - help, v - describe, . - travel
Here: a gnoll, wielding a +0 spear The floor.
Unknown command.
You feel sick.
You are no longer poisoned.
The gnoll hits you from afar with a +0 spear.
* * * LOW HITPOINT WARNING * * *
The gnoll throws a poisoned dart.
The poisoned dart hits you.
You are lethally poisoned!
You die...

#.### #.#.. ####### #.#.#
########...... #.#.#
.........# #.#.# #######g.#
###### ###.# #.#.#
#######..###.8.< 8.##.#
#[#.#
.........##g.#####.......
#.#.. ######.#...g....@...#
#.# #.###
#...##..........##.# ##†##
######.######.#.##.####...##
### #.# #.#.##.#........
..#########.####
#........##...##
#...>..........#
###.##.#####.###
###########.##)#
###.##..<....... #.#
...............### #.#
####.##########


You could see 2 gnolls.

Vanquished Creatures
  An orc wizard (D:3)
  A gnoll (D:3)
  6 adders
  A dart slug (D:2)
  4 orcs (D:3)
  2 endoplasms
  4 giant cockroaches
  7 goblins
  6 hobgoblins
  8 jackals
  2 quokkas
  3 ball pythons
  5 bats
  3 frilled lizards
  7 kobolds
  7 rats
67 creatures vanquished.

Notes
Turn   | Place    | Note
-------+----------+-------------------------------------------
     0 | D:1      | siradein the Demonspawn Artificer began the quest for the
                  | Orb.
     0 | D:1      | Reached XP level 1. HP: 15/15 MP: 1/1
    50 | D:1      | Reached skill level 1 in Dodging
   277 | D:1      | Discovered your monstrous ancestry.
   277 | D:1      | Gained mutation: You have large cloven feet. [demonic
                  | ancestry]
   277 | D:1      | Reached XP level 2. HP: 18/21 MP: 2/2
   635 | D:1      | Gained mutation: Spells you cast may paralyse adjacent
                  | enemies. [demonic ancestry]
   635 | D:1      | Reached XP level 3. HP: 20/26 MP: 3/3
  1091 | D:1      | Found a faded altar of an unknown god.
  1516 | D:2      | Gained mutation: You have sharp fingernails. [demonic
                  | ancestry]
  1516 | D:2      | Reached XP level 4. HP: 21/33 MP: 4/4
  2426 | D:3      | Gained mutation: You have hoof-like feet. [demonic
                  | ancestry]
  2426 | D:3      | Reached XP level 5. HP: 13/39 MP: 5/5
  2767 | D:3      | Found an ornate altar of the Wu Jian Council.
  3032 | D:3      | HP: 1/39 [gnoll (2)]
  3043 | D:3      | Succumbed to a gnoll's poison

Illustrated notes

Levels and vault maps discovered:
D:1:      grunt_arrival_lava_bath, layout_loops_ring,
          shapermc_ecumenical_altar_mp_vishouse, minmay_misc_feat_chi
D:2:      layout_loops_ring, corexii_item_surrounded_by_moat, minivault_26
D:3:      layout_loops_ring, nicolae_wu_jian_wuxing_cycle, serial_shops,
          shop_statue

Skill      XL: |  1  2  3  4 |
---------------+-------------+-----
Dodging        | 1 2 |  2.3
Armour         | 2 |  2.8
Fighting       | 2 |  2.5
Stealth        | |  0.8
Evocations     | |  3.9

Action                   |  1- 3 |  4- 6 || total
-------------------------+-------+-------++-------
Melee: Club              |    22 |       ||    22
       Dagger            |    93 |    77 ||   170
       Kick              |    20 |    13 ||    33
       Flail             |       |     5 ||     5
 Stab: Sleeping          |     1 |       ||     1
Armor: Leather armour    |    25 |       ||    25
       Ring mail         |    17 |    28 ||    45
Dodge: Dodged            |    74 |    32 ||   106

Table legend: (Time is in decaauts)
 A = Elapsed time spent in this place.
 B = Non-inter-level travel time spent in this place.
 C = Inter-level travel time spent in this place.
 D = Time resting spent in this place.
 E = Time spent auto-exploring this place.
 F = Levels seen in this place.
 G = Mean time per level.
                   A        B        C        D        E       F      G
               +--------+--------+--------+--------+--------+-----+--------+
         Total |   3049 |   2981 |     68 |      0 |   2440 |   3 | 1016.3 |
       Dungeon |   3049 |   2981 |     68 |      0 |   2440 |   3 | 1016.3 |
               +--------+--------+--------+--------+--------+-----+--------+

Top non-repeatable levels by time:
     D:1: 1262 daAuts
     D:3: 909 daAuts
     D:2: 877 daAuts
